 Dungeon Crawl Stone Soup version 0.31.0-12-g77e489cdc1 (webtiles) character file.

Game seed: 9695989758707726887

2978 Gadfly the Trooper (level 9, -1/84 (96) HPs)
             Began as an Oni Berserker on Feb 24, 2024.
             Was an Elder of Trog.
             Slain by a wight
             ... wielding a +2 war axe
              (11 damage)
             ... on level 5 of the Dungeon.
             The game lasted 00:06:31 (8117 turns).

Gadfly the Trooper (Oni Berserker)                  Turns: 8117, Time: 00:06:32

HP:   -1/84 (96)    AC:  6    Str: 25    XL:     9   Next: 82%
MP:   9/9           EV: 10    Int:  8    God:    Trog [****..]
Gold: 347           SH:  0    Dex: 10    Spells: 8/8 levels left

rFire   + . .        a - +1 whip (venom)
rCold   + . .        (no shield)
rNeg    . . .        f - +2 robe {rC+}
rPois   .            (helmet restricted)
rElec   .            l - +0 cloak
rCorr   .            (gloves unavailable)
SInv    .            (boots unavailable)
Will    .....        q - amulet of Moodiness {Faith Rampage rF+}
Stlth   +            (no ring)
HPRegen 0.34/turn    (no ring)
MPRegen 0.11/turn

%: rampage, faith
@: heavily drained
A: large, unfitting armour, horns 1, tough skin 1, double potion healing,
drunken brawling
a: Renounce Religion, Berserk, Trog's Hand, Brothers in Arms


You were on level 5 of the Dungeon.
You worshipped Trog.
Trog was greatly pleased with you.
You visited 1 branch of the dungeon, and saw 6 of its levels.

You collected 347 gold pieces.

Inventory:

Hand Weapons
 a - a +1 whip of venom (weapon)
 b - a +0 mace of draining
 n - a +1 flail
 s - a +1 whip of flaming
Armour
 f - a +2 robe of cold resistance (worn)
 l - a +0 cloak (worn)
Jewellery
 o - an amulet of reflection
 q - the amulet of Moodiness (around neck) {Faith Rampage rF+}
   (You found it on level 3 of the Dungeon)

   [amulet of faith]

   Faith:     It allows you to gain divine favour quickly.
   rF+:       It protects you from fire.
   Rampage:   It bestows one free step when moving towards enemies.
Wands
 d - a wand of flame (39)
Scrolls
 c - a scroll of teleportation
 e - a scroll of blinking
 r - 2 scrolls of identify
 t - a scroll of enchant armour {unknown}
 w - a scroll of vulnerability
 x - a scroll of brand weapon
Potions
 g - 4 potions of attraction
 i - 3 potions of curing
 j - a potion of berserk rage
 k - a potion of might
 m - a potion of enlightenment
 p - a potion of lignification
 u - a potion of magic {unknown}
 v - a potion of haste {unknown}


   Skills:
 + Level 7.9 Fighting
 * Level 7.8 Maces & Flails
 * Level 6.3 Armour
 - Level 2.6 Dodging
 * Level 5.7 Evocations


You had 8 spell levels left.
You didn't know any spells.
Your spell library was empty.

Dungeon Overview and Level Annotations

Branches:
Dungeon (6/15)             Temple (0/1) D:6

Altars:
Ashenzari
Makhleb
Ru
Zin


Innate Abilities, Weirdness & Mutations

You are too large for most types of armour.
You have a pair of small horns on your head.
You have tough skin. (AC +1)
You gain doubled healing and magic from potions.
Whenever you drink a healing potion, you attack all around you.


Message History

The orc wizard casts a spell.
The orc wizard flickers and vanishes!
Deactivating autopickup; reactivate with Ctrl-A.
The orc hits you but does no damage.
You hit the wight but do no damage.
The wight is heavily damaged.
The wight barely misses you. The orc hits you with a +0 club.
You hit the orc but do no damage.
The orc looks as sick as possible!
You headbutt the orc.
The orc is severely wounded.
You kill the orc!
Trog accepts your kill.
You barely miss the orc. You headbutt the orc.
The orc is severely wounded.
The wight hits you with a +2 war axe.
You feel drained. The orc barely misses you.
Something hits you but does no damage.
You hit the orc but do no damage.
The orc is poisoned.
The orc is severely wounded.
The wight hits you with a +2 war axe!
You feel drained. The orc hits you but does no damage.
Something hits you but does no damage.
You miss something. You hit the orc but do no damage.
The orc is severely wounded.
The wight hits you with a +2 war axe!
* * * LOW HITPOINT WARNING * * *
The orc closely misses you. Something hits you.
* * * LOW HITPOINT WARNING * * *
Unknown command.
You whack something! Your headbutt misses something.
The wight hits you with a +2 war axe!
* * * LOW HITPOINT WARNING * * *
You feel drained.
* * * LOW HITPOINT WARNING * * *
The orc closely misses you. Something hits you.
* * * LOW HITPOINT WARNING * * *
You hit the orc.
You kill the orc!
Trog accepts your kill. The wight hits you with a +2 war axe!
You die...

#.# #[##...##...#.#
#.# #.#>.⌠..'.⌠.'.#
#.# #.##)..##...###
..#####.########'##
#.............##.##
#.#####)#.....#...#
..# #.##...##.⌠.#
### ###.###.###z){#
#.....#.# ##@##
#.###.#.# ### #.#
#.#.# #.###.#.#
#.....#.#
####.##.## #.....#
#.###.# #.# #.#


You could see a wight.

Vanquished Creatures
  Pikel (D:5)
  The ghost of misterblockey the Chopper, an amateur MiBe of Trog (D:4)
  Grinder (D:4)
  Prince Ribbit (D:5)
  Menkaure (D:6)
  2 water moccasins
  Duvessa (D:6)
  2 ice beasts
  2 black bears
  An ogre (D:5)
  A centaur (D:4)
  A phantom (D:4)
  A lemure (D:6)
  A bullfrog (D:6)
  2 scorpions (D:5)
  3 wights
  Dowan (D:6)
  A howler monkey (D:6)
  4 jellies
  3 hounds
  An iguana (D:5)
  7 gnolls (D:5)
  7 adders
  2 white imps
  A ribbon worm (D:2)
  2 dart slugs (D:1)
  4 orcs
  4 ball pythons
  5 endoplasms
  A giant cockroach (D:1)
  7 hobgoblins
  6 jackals
  4 quokkas
  5 bats
  A frilled lizard (D:3)
  9 goblins
  4 kobolds
  9 rats
110 creatures vanquished.

Notes
Turn   | Place    | Note
-------+----------+-------------------------------------------
     0 | D:1      | Gadfly the Oni Berserker began the quest for the Orb.
     0 | D:1      | Reached XP level 1. HP: 24/24 MP: 1/1
    97 | D:1      | Reached XP level 2. HP: 32/32 MP: 2/2
   294 | D:1      | You fall into a shaft and drop 1 floor!
   334 | D:2      | Reached skill level 1 in Armour
   334 | D:2      | Reached XP level 3. HP: 26/39 MP: 3/3
   337 | D:2      | Reached skill level 1 in Evocations
   678 | D:1      | Reached ** piety under Trog
  1151 | D:2      | Reached XP level 4. HP: 46/49 MP: 4/4
  2371 | D:3      | Identified the amulet of Moodiness {Faith Rampage rF+}
  2633 | D:4      | Noticed a phantom
  2639 | D:4      | Reached XP level 5. HP: 49/55 MP: 5/5
  2667 | D:4      | Killed a phantom
  3356 | D:4      | Noticed a black bear
  3358 | D:4      | Noticed Grinder
  3363 | D:4      | Killed a black bear
  3364 | D:4      | Reached skill level 5 in Fighting
  3364 | D:4      | Reached XP level 6. HP: 56/66 MP: 6/6
  3379 | D:4      | Paralysed by Grinder for 2 turns
  3396 | D:4      | Paralysed by Grinder for 4 turns
  3401 | D:4      | Killed Grinder
  3402 | D:4      | Reached XP level 7. HP: 35/72 MP: 7/7
  3556 | D:4      | Found a large runed translucent door.
  3557 | D:4      | Found a large runed translucent door.
  3561 | D:4      | Noticed misterblockey's ghost (amateur MiBe)
  3591 | D:4      | Reached skill level 5 in Maces & Flails
  4129 | D:4      | Killed misterblockey's ghost
  4182 | D:5      | Entered Level 5 of the Dungeon
  4187 | D:5      | Reached XP level 8. HP: 67/83 MP: 8/8
  4412 | D:5      | Found a burning altar of Makhleb.
  4421 | D:5      | Reached *** piety under Trog
  5083 | D:5      | Found a sacrificial altar of Ru.
  5083 | D:5      | Found a broken altar of Ashenzari.
  5601 | D:6      | Noticed Pikel
  5601 | D:6      | Noticed Prince Ribbit
  5619 | D:5      | Killed Prince Ribbit
  5620 | D:5      | Reached skill level 5 in Armour
  5642 | D:5      | Killed Pikel
  5643 | D:5      | Reached skill level 5 in Evocations
  5643 | D:5      | Reached XP level 9. HP: 39/93 MP: 9/9
  6344 | D:6      | Noticed Menkaure
  6436 | D:6      | Killed Menkaure
  6855 | D:6      | Noticed Duvessa
  6858 | D:6      | Noticed Dowan
  6865 | D:6      | Killed Duvessa
  7068 | D:6      | Found a glowing silver altar of Zin.
  7578 | D:6      | Killed Dowan
  7711 | D:6      | Found a staircase to the Ecumenical Temple.
  8012 | D:5      | Reached **** piety under Trog
  8117 | D:5      | Slain by a wight

Illustrated notes

Levels and vault maps discovered:
D:1:      wander_arrival_desolate, layout_rooms, minmay_misc_feat_chi,
          minmay_misc_feat_doors, kennysheep_crisscross, minmay_pentomino_z2
D:2:      layout_rooms, minmay_misc_feat_enclosed
D:3:      layout_loops_cross
D:4:      layout_layer_cave, ebering_ghost_disaster_area, grunt_ministairs_1,
          kennysheep_path_1, uniq_grinder
D:5:      layout_loops_ring, mainiacjoe_overflow_paths,
          nicolae_overflow_two_pavilions, dreamdust_wishing_well,
          grunt_ministairs_5
D:6:      layout_layer_cave, mainiacjoe_overflow_small_starburst,
          minmay_temple_entry_drinking_statues, serial_glass, glass_columns_c,
          glass_columns_b, glass_columns_c, glass_columns_a, glass_columns_a,
          glass_columns_c, serial_bayou_pond_c, uniq_pikel, uniq_prince_ribbit1,
          uniq_duvessa, uniq_menkaure

Skill      XL: |  1  2  3  4  5  6  7  8  9 |
---------------+----------------------------+-----
Armour         | 1 2 3 4 5 6 |  6.3
Evocations     | 1 2 3 5 |  5.7
Maces & Flails | 4 5 7 |  7.8
Fighting       | 5 6 7 |  7.9
Dodging        | |  2.6

Action                     |  1- 3 |  4- 6 |  7- 9 || total
---------------------------+-------+-------+-------++-------
  Melee: Mace              |    39 |     9 |     6 ||    54
         Headbutt          |     7 |    14 |    53 ||    74
         Whip              |    29 |   100 |   203 ||   332
         Punch             |       |     1 |     3 ||     4
         Flail             |       |       |    31 ||    31
 Invoke: Berserk           |       |       |     1 ||     1
    Use: Scroll            |     7 |     8 |     6 ||    21
         Potion            |       |       |     2 ||     2
   Stab: Sleeping          |       |       |     1 ||     1
 Armour: Animal skin       |    60 |    59 |   130 ||   249
         Robe              |       |       |    53 ||    53
  Dodge: Dodged            |    41 |    58 |   128 ||   227
  Block: Other             |       |     1 |       ||     1
